[ AOE2 MATCH · #488308465 ]
UnrankedMongols vs Italians
[ REPLAY ANALYSIS · EXTRACTED FROM THE RECORDED GAME ]
Feudal
—
Castle
—
Imperial
—
| APM avg | 99.2 |
| APM peak | 174 |
| eAPM avg | 67.5 |
| Villagers / military | 176 / 648 |
Focus
⚔️ 65.5% · 🌾 34.5%
Scout Cavalry ×318 · Mangudai ×136 · Steppe Lancer ×60 · Skirmisher ×46 · Battering Ram ×38 · Cavalry Archer ×31
Feudal
11:24
Castle
14:54
Imperial
26:20
| APM avg | 23.5 |
| APM peak | 62 |
| eAPM avg | 15.2 |
| Villagers / military | 211 / 262 |
Focus
⚔️ 39.5% · 🌾 60.5%
Scout Cavalry ×105 · Skirmisher ×94 · Hand Cannoneer ×38 · Genoese Crossbowman ×18 · Bombard Cannon ×5 · Battering Ram ×2
Feudal
10:31
Castle
14:26
Imperial
27:54
| APM avg | 42.8 |
| APM peak | 97 |
| eAPM avg | 20.0 |
| Villagers / military | 216 / 365 |
Focus
⚔️ 35.6% · 🌾 64.4%
Hand Cannoneer ×272 · Ghulam ×50 · Camel Scout ×31 · Bombard Cannon ×5 · Trebuchet (Packed) ×5 · Monk ×2
Feudal
10:05
Castle
13:37
Imperial
32:44
| APM avg | 50.6 |
| APM peak | 123 |
| eAPM avg | 32.2 |
| Villagers / military | 137 / 491 |
Focus
⚔️ 45.2% · 🌾 54.8%
Spearman ×354 · Unknown (882) ×337 · Teutonic Knight ×105 · Trebuchet (Packed) ×14 · Bombard Cannon ×9 · Battering Ram ×8
Feudal
10:40
Castle
14:17
Imperial
29:10
| APM avg | 33.9 |
| APM peak | 74 |
| eAPM avg | 20.7 |
| Villagers / military | 236 / 395 |
Focus
⚔️ 26.0% · 🌾 74.0%
Spearman ×255 · Skirmisher ×131 · Unknown (882) ×120 · Ballista Elephant ×6 · Battering Ram ×3
Feudal
9:00
Castle
17:14
Imperial
28:03
| APM avg | 20.5 |
| APM peak | 67 |
| eAPM avg | 14.2 |
| Villagers / military | 187 / 116 |
Focus
⚔️ 23.3% · 🌾 76.7%
Hand Cannoneer ×55 · Teutonic Knight ×35 · Scorpion ×10 · Trebuchet (Packed) ×6 · Monk ×4 · Knight ×3
Match map
Initial resources + every placement click. Lines = walls · curves = elevation contours. ◆ gold · ⬟ stone · ● berries · ✦ relic · ◌ wall gap
Your base· ✓ Closed at 10:58 · 0t walls · 2 gate(s)
TUBTHUMPER2022's base· ✓ Closed at 14:54 · 0t walls · 3 gate(s)
Anto's base· ✓ Closed at 14:26 · 0t walls · 2 gate(s)
B's base· ✓ Closed at 13:37 · 0t walls · 2 gate(s)
Thunder_Skull's base· ✓ Closed at 14:17 · 0t walls · 3 gate(s)
GGINDU's base· ✓ Closed at 17:14 · 0t walls · 3 gate(s)
Smoothed initial terrain · ◌ = detected wall gap · hover for details
Inputs per minute
— Saturno 1343 - - TUBTHUMPER2022
Build order — Saturno 1343
First 150 of 1025 actions detected
| 0:01 | Queue | Villager (Male) |
| 0:01 | Queue | Villager (Male) |
| 0:02 | Build | House |
| 0:03 | Build | House |
| 0:20 | Queue | Villager (Male) |
| 0:21 | Queue | Villager (Male) |
| 0:21 | Queue | Villager (Male) |
| 1:18 | Queue | Villager (Male) |
| 1:45 | Build | Lumber Camp |
| 1:47 | Queue | Villager (Male) |
| 2:17 | Queue | Villager (Male) |
| 2:18 | Queue | Villager (Male) |
| 2:31 | Queue | Villager (Male) |
| 2:32 | Queue | Villager (Male) |
| 2:58 | Queue | Villager (Male) |
| 3:06 | Queue | Villager (Male) |
| 3:38 | Queue | Villager (Male) |
| 3:38 | Queue | Villager (Male) |
| 3:40 | Queue | Villager (Male) |
| 3:40 | Queue | Villager (Male) |
| 3:54 | Build | House |
| 3:55 | Build | House |
| 4:20 | Queue | Villager (Male) |
| 4:22 | Queue | Villager (Male) |
| 4:46 | Queue | Villager (Male) |
| 4:51 | Queue | Villager (Male) |
| 5:00 | Queue | Villager (Male) |
| 5:00 | Queue | Villager (Male) |
| 5:29 | Build | Mill |
| 5:42 | Queue | Villager (Male) |
| 5:45 | Queue | Villager (Male) |
| 5:46 | Queue | Villager (Male) |
| 5:47 | Queue | Villager (Male) |
| 5:53 | Queue | Villager (Male) |
| 5:53 | Queue | Villager (Male) |
| 6:00 | Queue | Villager (Male) |
| 6:13 | Queue | Villager (Male) |
| 6:40 | Queue | Villager (Male) |
| 6:56 | Queue | Villager (Male) |
| 7:17 | Queue | Villager (Male) |
| 7:18 | Queue | Villager (Male) |
| 7:34 | Build | Mining Camp |
| 7:41 | Research | Feudal Age |
| 7:53 | Build | Farm |
| 8:25 | Build | Farm |
| 8:28 | Queue | Villager (Male) |
| 8:48 | Build | Farm |
| 9:51 | Queue | Villager (Male) |
| 10:09 | Build | Blacksmith |
| 10:12 | Build | Market |
| 10:40 | Research | Double-Bit Axe |
| 10:58 | Research | Castle Age |
| 10:58 | Research | Castle Age |
| 10:58 | Research | Castle Age |
| 11:26 | Build | House |
| 11:27 | Build | House |
| 11:32 | Build | House |
| 11:33 | Build | House |
| 11:42 | Research | Horse Collar |
| 12:20 | Queue | Villager (Male) |
| 12:37 | Queue | Villager (Male) |
| 12:47 | Build | Farm |
| 13:24 | Queue | Villager (Male) |
| 13:42 | Build | Monastery |
| 13:46 | Build | Town Center |
| 13:49 | Queue | Villager (Male) |
| 13:53 | Research | Bow Saw |
| 13:58 | Queue | Villager (Male) |
| 14:02 | Build | Farm |
| 14:02 | Queue | Villager (Male) |
| 14:04 | Build | Farm |
| 14:12 | Queue | Villager (Male) |
| 14:18 | Queue | Monk |
| 14:21 | Queue | Villager (Male) |
| 14:23 | Build | House |
| 14:34 | Build | Farm |
| 14:34 | Queue | Villager (Male) |
| 14:46 | Build | Farm |
| 14:58 | Queue | Monk |
| 14:59 | Queue | Villager (Male) |
| 15:14 | Queue | Villager (Male) |
| 15:22 | Queue | Villager (Male) |
| 15:23 | Queue | Villager (Male) |
| 15:26 | Build | Farm |
| 15:29 | Queue | Villager (Male) |
| 15:29 | Queue | Villager (Male) |
| 15:30 | Queue | Villager (Male) |
| 15:34 | Queue | Villager (Male) |
| 15:41 | Queue | Villager (Male) |
| 15:44 | Build | Farm |
| 15:44 | Queue | Villager (Male) |
| 15:58 | Queue | Villager (Male) |
| 16:03 | Queue | Villager (Male) |
| 16:07 | Research | Fervor |
| 16:07 | Queue | Monk |
| 16:17 | Queue | Villager (Male) |
| 16:35 | Build | Town Center |
| 16:38 | Queue | Villager (Male) |
| 16:41 | Build | Farm |
| 16:42 | Build | Farm |
| 16:58 | Queue | Villager (Male) |
| 17:00 | Queue | Villager (Male) |
| 17:03 | Queue | Villager (Male) |
| 17:08 | Queue | Villager (Male) |
| 17:15 | Queue | Villager (Male) |
| 17:16 | Queue | Villager (Male) |
| 17:18 | Build | House |
| 17:18 | Build | House |
| 17:28 | Build | Farm |
| 17:30 | Build | Farm |
| 17:33 | Build | Farm |
| 17:33 | Queue | Villager (Male) |
| 17:34 | Build | Farm |
| 17:45 | Build | Farm |
| 17:55 | Build | Farm |
| 17:56 | Build | Farm |
| 18:05 | Queue | Villager (Male) |
| 18:05 | Queue | Villager (Male) |
| 18:09 | Build | Farm |
| 18:10 | Build | Farm |
| 18:12 | Build | Farm |
| 18:13 | Queue | Villager (Male) |
| 18:15 | Build | Farm |
| 18:21 | Build | House |
| 18:25 | Queue | Villager (Male) |
| 18:34 | Queue | Villager (Male) |
| 18:34 | Queue | Villager (Male) |
| 18:41 | Build | Farm |
| 18:43 | Queue | Villager (Male) |
| 18:43 | Queue | Villager (Male) |
| 18:43 | Queue | Villager (Male) |
| 18:45 | Build | Farm |
| 18:46 | Queue | Villager (Male) |
| 18:46 | Queue | Villager (Male) |
| 18:50 | Build | House |
| 18:51 | Build | House |
| 18:58 | Build | Lumber Camp |
| 19:00 | Queue | Villager (Male) |
| 19:06 | Build | Farm |
| 19:13 | Queue | Villager (Male) |
| 19:19 | Queue | Villager (Male) |
| 19:27 | Queue | Villager (Male) |
| 19:27 | Queue | Villager (Male) |
| 19:30 | Build | House |
| 19:34 | Build | Farm |
| 19:38 | Queue | Villager (Male) |
| 19:38 | Queue | Villager (Male) |
| 19:39 | Queue | Villager (Male) |
| 19:43 | Build | Farm |
| 19:45 | Build | Farm |
Build order — TUBTHUMPER2022
First 150 of 692 actions detected
| 0:01 | Queue | Villager (Male) |
| 0:01 | Queue | Villager (Male) |
| 0:01 | Queue | Villager (Male) |
| 0:02 | Queue | Villager (Male) |
| 0:03 | Build | House |
| 0:04 | Build | House |
| 1:24 | Queue | Villager (Male) |
| 2:05 | Queue | Villager (Male) |
| 2:12 | Build | Lumber Camp |
| 2:24 | Queue | Villager (Male) |
| 2:46 | Queue | Villager (Male) |
| 2:58 | Queue | Villager (Male) |
| 2:59 | Queue | Villager (Male) |
| 3:43 | Queue | Villager (Male) |
| 3:49 | Build | House |
| 4:09 | Queue | Villager (Male) |
| 4:24 | Queue | Villager (Male) |
| 4:46 | Queue | Villager (Male) |
| 5:06 | Build | Mill |
| 5:16 | Queue | Villager (Male) |
| 5:39 | Queue | Villager (Male) |
| 5:41 | Queue | Villager (Male) |
| 6:18 | Queue | Villager (Male) |
| 6:28 | Queue | Villager (Male) |
| 6:41 | Build | House |
| 6:44 | Research | Loom |
| 6:48 | Queue | Villager (Male) |
| 6:55 | Queue | Villager (Male) |
| 6:58 | Queue | Villager (Male) |
| 6:58 | Queue | Villager (Male) |
| 7:02 | Queue | Villager (Male) |
| 7:38 | Build | Mining Camp |
| 7:45 | Build | House |
| 7:58 | Research | Feudal Age |
| 8:27 | Queue | Villager (Male) |
| 8:27 | Queue | Villager (Male) |
| 11:24 | Age | Feudal Age |
| 11:27 | Build | Market |
| 11:31 | Build | Blacksmith |
| 12:13 | Research | Castle Age |
| 12:13 | Research | Castle Age |
| 12:19 | Build | House |
| 12:23 | Build | Mining Camp |
| 12:24 | Research | Double-Bit Axe |
| 12:25 | Research | Horse Collar |
| 12:30 | Build | Farm |
| 12:32 | Build | Farm |
| 12:35 | Build | Farm |
| 12:52 | Build | Farm |
| 13:22 | Queue | Villager (Male) |
| 13:24 | Queue | Villager (Male) |
| 13:28 | Build | Farm |
| 13:39 | Build | Farm |
| 13:42 | Build | Farm |
| 14:25 | Build | Farm |
| 14:27 | Build | Farm |
| 14:54 | Age | Castle Age |
| 15:30 | Build | Town Center |
| 15:32 | Queue | Villager (Male) |
| 15:45 | Build | Farm |
| 15:55 | Build | House |
| 15:56 | Queue | Villager (Male) |
| 16:02 | Queue | Villager (Male) |
| 16:19 | Queue | Villager (Male) |
| 16:47 | Queue | Villager (Male) |
| 17:03 | Queue | Villager (Male) |
| 17:03 | Queue | Villager (Male) |
| 17:03 | Queue | Villager (Male) |
| 17:03 | Queue | Villager (Male) |
| 17:08 | Build | Farm |
| 17:10 | Build | Farm |
| 17:36 | Queue | Villager (Male) |
| 17:41 | Build | Barracks |
| 17:50 | Queue | Villager (Male) |
| 18:06 | Build | Castle |
| 18:08 | Build | Mining Camp |
| 18:15 | Research | Gold Mining |
| 18:22 | Build | House |
| 18:24 | Queue | Villager (Male) |
| 18:26 | Queue | Villager (Male) |
| 18:30 | Build | Farm |
| 18:34 | Build | Farm |
| 18:39 | Queue | Villager (Male) |
| 18:48 | Queue | Villager (Male) |
| 18:50 | Queue | Villager (Male) |
| 18:57 | Build | House |
| 19:00 | Research | Wheelbarrow |
| 19:10 | Queue | Villager (Male) |
| 19:11 | Queue | Villager (Male) |
| 19:14 | Build | Farm |
| 19:18 | Build | Farm |
| 19:20 | Build | Farm |
| 19:34 | Queue | Villager (Male) |
| 19:41 | Queue | Villager (Male) |
| 19:48 | Build | House |
| 19:51 | Queue | Villager (Male) |
| 20:06 | Build | Siege Workshop |
| 20:19 | Queue | Villager (Male) |
| 20:34 | Build | University |
| 20:37 | Build | Farm |
| 20:38 | Queue | Villager (Male) |
| 20:39 | Queue | Villager (Male) |
| 20:42 | Build | Farm |
| 20:45 | Queue | Villager (Male) |
| 21:11 | Queue | Villager (Male) |
| 21:13 | Queue | Villager (Male) |
| 21:16 | Build | House |
| 21:21 | Build | Farm |
| 21:27 | Build | Farm |
| 21:35 | Build | Farm |
| 21:40 | Build | Farm |
| 21:42 | Queue | Villager (Male) |
| 21:42 | Queue | Villager (Male) |
| 21:47 | Build | Farm |
| 21:48 | Queue | Villager (Male) |
| 21:59 | Build | House |
| 22:00 | Queue | Villager (Male) |
| 22:10 | Build | Farm |
| 22:15 | Build | Farm |
| 22:39 | Build | Archery Range |
| 23:10 | Research | Imperial Age |
| 23:16 | Queue | Genoese Crossbowman |
| 23:16 | Queue | Genoese Crossbowman |
| 23:16 | Queue | Genoese Crossbowman |
| 23:18 | Queue | Genoese Crossbowman |
| 23:20 | Research | Padded Archer Armor |
| 23:23 | Queue | Villager (Male) |
| 23:26 | Queue | Villager (Male) |
| 23:35 | Queue | Villager (Male) |
| 23:39 | Queue | Genoese Crossbowman |
| 23:48 | Queue | Villager (Male) |
| 23:52 | Build | Archery Range |
| 23:55 | Queue | Villager (Male) |
| 23:56 | Queue | Villager (Male) |
| 23:57 | Queue | Genoese Crossbowman |
| 23:59 | Research | Fletching |
| 24:07 | Queue | Villager (Male) |
| 24:12 | Queue | Villager (Male) |
| 24:16 | Queue | Genoese Crossbowman |
| 24:24 | Queue | Villager (Male) |
| 24:35 | Research | Bodkin Arrow |
| 24:38 | Queue | Villager (Male) |
| 24:46 | Queue | Genoese Crossbowman |
| 25:01 | Queue | Villager (Male) |
| 25:06 | Research | Thumb Ring |
| 25:11 | Build | Farm |
| 25:12 | Queue | Villager (Male) |
| 25:25 | Queue | Villager (Male) |
| 25:42 | Queue | Genoese Crossbowman |
| 25:52 | Queue | Villager (Male) |
Build order — Anto
First 150 of 555 actions detected
| 0:01 | Queue | Villager (Male) |
| 0:01 | Queue | Villager (Male) |
| 0:01 | Queue | Villager (Male) |
| 0:02 | Queue | Villager (Male) |
| 0:03 | Build | House |
| 0:04 | Build | House |
| 1:05 | Queue | Villager (Male) |
| 1:29 | Queue | Villager (Male) |
| 1:29 | Queue | Villager (Male) |
| 1:29 | Queue | Villager (Male) |
| 1:48 | Build | Lumber Camp |
| 2:10 | Queue | Villager (Male) |
| 2:10 | Queue | Villager (Male) |
| 2:19 | Queue | Villager (Male) |
| 2:19 | Queue | Villager (Male) |
| 2:45 | Queue | Villager (Male) |
| 2:46 | Queue | Villager (Male) |
| 3:10 | Queue | Villager (Male) |
| 3:10 | Queue | Villager (Male) |
| 3:10 | Queue | Villager (Male) |
| 3:44 | Queue | Villager (Male) |
| 3:44 | Queue | Villager (Male) |
| 3:44 | Queue | Villager (Male) |
| 3:54 | Build | House |
| 3:56 | Queue | Villager (Male) |
| 3:56 | Queue | Villager (Male) |
| 3:56 | Queue | Villager (Male) |
| 3:56 | Queue | Villager (Male) |
| 4:26 | Queue | Villager (Male) |
| 4:26 | Queue | Villager (Male) |
| 4:26 | Queue | Villager (Male) |
| 4:31 | Build | House |
| 4:41 | Build | Mill |
| 4:54 | Queue | Villager (Male) |
| 4:55 | Queue | Villager (Male) |
| 4:55 | Queue | Villager (Male) |
| 4:55 | Queue | Villager (Male) |
| 4:55 | Queue | Villager (Male) |
| 5:16 | Queue | Villager (Male) |
| 5:16 | Queue | Villager (Male) |
| 5:16 | Queue | Villager (Male) |
| 5:28 | Queue | Villager (Male) |
| 6:57 | Queue | Villager (Male) |
| 7:12 | Queue | Villager (Male) |
| 7:37 | Queue | Villager (Male) |
| 7:40 | Build | Mining Camp |
| 7:50 | Build | Farm |
| 7:52 | Build | Farm |
| 8:00 | Research | Feudal Age |
| 8:59 | Queue | Villager (Male) |
| 9:00 | Queue | Villager (Male) |
| 9:13 | Build | House |
| 10:16 | Build | House |
| 10:31 | Age | Feudal Age |
| 10:38 | Build | Market |
| 10:48 | Build | Blacksmith |
| 11:19 | Queue | Villager (Male) |
| 11:34 | Research | Castle Age |
| 11:34 | Research | Castle Age |
| 11:35 | Research | Castle Age |
| 12:16 | Research | Double-Bit Axe |
| 12:17 | Research | Horse Collar |
| 12:17 | Research | Horse Collar |
| 12:27 | Build | Farm |
| 12:30 | Build | Farm |
| 12:51 | Build | Farm |
| 12:54 | Build | Farm |
| 13:14 | Queue | Villager (Male) |
| 13:50 | Queue | Villager (Male) |
| 14:14 | Queue | Villager (Male) |
| 14:25 | Queue | Villager (Male) |
| 14:26 | Age | Castle Age |
| 14:30 | Build | Town Center |
| 14:30 | Queue | Villager (Male) |
| 14:33 | Build | Monastery |
| 14:37 | Queue | Villager (Male) |
| 14:42 | Research | Bow Saw |
| 14:53 | Build | House |
| 14:58 | Build | Farm |
| 15:00 | Build | Farm |
| 15:03 | Queue | Villager (Male) |
| 15:13 | Queue | Monk |
| 15:19 | Build | Farm |
| 15:23 | Queue | Villager (Male) |
| 15:23 | Queue | Villager (Male) |
| 15:23 | Queue | Villager (Male) |
| 15:39 | Queue | Villager (Male) |
| 15:39 | Queue | Villager (Male) |
| 15:41 | Build | House |
| 15:55 | Queue | Villager (Male) |
| 15:55 | Queue | Villager (Male) |
| 15:56 | Queue | Villager (Male) |
| 15:56 | Queue | Villager (Male) |
| 16:26 | Queue | Villager (Male) |
| 16:26 | Queue | Villager (Male) |
| 16:26 | Queue | Villager (Male) |
| 16:26 | Queue | Villager (Male) |
| 16:31 | Build | Town Center |
| 16:35 | Build | Farm |
| 16:43 | Queue | Monk |
| 16:53 | Queue | Villager (Male) |
| 16:53 | Queue | Villager (Male) |
| 16:54 | Queue | Villager (Male) |
| 16:54 | Queue | Villager (Male) |
| 16:56 | Build | House |
| 17:00 | Build | Farm |
| 17:01 | Build | Farm |
| 17:16 | Queue | Villager (Male) |
| 17:16 | Queue | Villager (Male) |
| 17:17 | Queue | Villager (Male) |
| 17:17 | Queue | Villager (Male) |
| 17:21 | Build | Farm |
| 17:34 | Queue | Villager (Male) |
| 17:34 | Queue | Villager (Male) |
| 17:34 | Queue | Villager (Male) |
| 17:36 | Build | Farm |
| 17:38 | Build | Farm |
| 17:41 | Queue | Villager (Male) |
| 17:41 | Queue | Villager (Male) |
| 17:41 | Queue | Villager (Male) |
| 17:48 | Build | House |
| 17:53 | Queue | Villager (Male) |
| 17:53 | Queue | Villager (Male) |
| 17:54 | Queue | Villager (Male) |
| 18:00 | Build | Farm |
| 18:01 | Build | Farm |
| 18:14 | Queue | Villager (Male) |
| 18:14 | Queue | Villager (Male) |
| 18:19 | Build | House |
| 18:23 | Research | Wheelbarrow |
| 18:26 | Queue | Villager (Male) |
| 18:26 | Queue | Villager (Male) |
| 18:26 | Queue | Villager (Male) |
| 18:27 | Queue | Villager (Male) |
| 18:27 | Queue | Villager (Male) |
| 18:27 | Queue | Villager (Male) |
| 18:27 | Queue | Villager (Male) |
| 18:30 | Build | Farm |
| 18:45 | Research | Heavy Plow |
| 18:45 | Queue | Villager (Male) |
| 18:46 | Queue | Villager (Male) |
| 18:51 | Build | Farm |
| 18:56 | Build | House |
| 19:15 | Build | Farm |
| 19:18 | Build | Farm |
| 19:21 | Build | Farm |
| 19:22 | Build | Farm |
| 19:32 | Queue | Villager (Male) |
| 19:32 | Queue | Villager (Male) |
| 19:33 | Build | Farm |
Build order — B
First 150 of 755 actions detected
| 0:00 | Queue | Villager (Male) |
| 0:00 | Queue | Villager (Male) |
| 0:01 | Queue | Villager (Male) |
| 0:01 | Queue | Villager (Male) |
| 0:02 | Build | House |
| 0:03 | Build | House |
| 1:23 | Queue | Villager (Male) |
| 1:57 | Queue | Villager (Male) |
| 2:08 | Build | Lumber Camp |
| 2:26 | Queue | Villager (Male) |
| 2:54 | Queue | Villager (Male) |
| 3:18 | Queue | Villager (Male) |
| 3:34 | Queue | Villager (Male) |
| 3:35 | Queue | Villager (Male) |
| 3:38 | Build | House |
| 3:53 | Queue | Villager (Male) |
| 4:12 | Queue | Villager (Male) |
| 4:13 | Queue | Villager (Male) |
| 4:42 | Queue | Villager (Male) |
| 4:44 | Build | Mill |
| 5:23 | Queue | Villager (Male) |
| 5:27 | Queue | Villager (Male) |
| 5:40 | Build | House |
| 5:47 | Queue | Villager (Male) |
| 5:51 | Build | House |
| 5:56 | Queue | Villager (Male) |
| 6:12 | Queue | Villager (Male) |
| 6:12 | Queue | Villager (Male) |
| 6:13 | Queue | Villager (Male) |
| 6:24 | Queue | Villager (Male) |
| 6:36 | Queue | Villager (Male) |
| 6:56 | Queue | Villager (Male) |
| 7:34 | Build | Mining Camp |
| 7:55 | Research | Feudal Age |
| 9:38 | Queue | Villager (Male) |
| 9:38 | Queue | Villager (Male) |
| 10:05 | Age | Feudal Age |
| 10:08 | Build | Market |
| 10:10 | Build | Blacksmith |
| 10:31 | Build | Mining Camp |
| 10:57 | Research | Castle Age |
| 11:20 | Research | Double-Bit Axe |
| 11:48 | Research | Horse Collar |
| 12:00 | Build | House |
| 12:24 | Build | Farm |
| 12:26 | Build | Farm |
| 12:27 | Build | Farm |
| 12:32 | Build | Farm |
| 12:34 | Build | Farm |
| 13:09 | Research | Stone Mining |
| 13:21 | Research | Loom |
| 13:37 | Age | Castle Age |
| 13:57 | Queue | Villager (Male) |
| 14:03 | Build | Town Center |
| 14:20 | Queue | Villager (Male) |
| 14:29 | Build | Farm |
| 14:33 | Build | House |
| 14:44 | Queue | Villager (Male) |
| 15:07 | Build | Castle |
| 15:09 | Queue | Villager (Male) |
| 15:14 | Queue | Villager (Male) |
| 15:41 | Build | Farm |
| 15:43 | Build | Farm |
| 15:44 | Build | Farm |
| 15:46 | Queue | Villager (Male) |
| 16:01 | Build | Farm |
| 16:09 | Build | Farm |
| 16:10 | Queue | Villager (Male) |
| 16:13 | Build | Farm |
| 16:23 | Queue | Villager (Male) |
| 16:27 | Build | Farm |
| 16:31 | Build | Farm |
| 16:37 | Build | Farm |
| 16:44 | Queue | Villager (Male) |
| 16:49 | Build | Farm |
| 16:53 | Queue | Villager (Male) |
| 17:05 | Queue | Villager (Male) |
| 17:08 | Queue | Villager (Male) |
| 17:17 | Build | Farm |
| 17:23 | Queue | Villager (Male) |
| 17:24 | Queue | Villager (Male) |
| 17:42 | Queue | Villager (Male) |
| 17:43 | Queue | Villager (Male) |
| 17:51 | Queue | Villager (Male) |
| 17:52 | Queue | Villager (Male) |
| 17:58 | Build | Farm |
| 17:59 | Build | Farm |
| 18:08 | Build | Farm |
| 18:14 | Queue | Villager (Male) |
| 18:14 | Queue | Villager (Male) |
| 18:28 | Build | Farm |
| 18:30 | Build | Farm |
| 18:33 | Build | Farm |
| 18:35 | Build | Farm |
| 18:36 | Queue | Villager (Male) |
| 18:36 | Queue | Villager (Male) |
| 18:39 | Build | Farm |
| 18:48 | Queue | Villager (Male) |
| 18:54 | Research | Bow Saw |
| 19:07 | Queue | Villager (Male) |
| 19:11 | Research | Heavy Plow |
| 19:24 | Queue | Villager (Male) |
| 19:25 | Queue | Villager (Male) |
| 19:48 | Build | House |
| 19:48 | Build | House |
| 19:49 | Build | House |
| 19:50 | Build | House |
| 20:02 | Queue | Villager (Male) |
| 20:02 | Queue | Villager (Male) |
| 20:12 | Build | Town Center |
| 20:18 | Build | House |
| 20:25 | Queue | Villager (Male) |
| 20:25 | Queue | Villager (Male) |
| 20:40 | Queue | Villager (Male) |
| 20:40 | Queue | Villager (Male) |
| 20:51 | Build | House |
| 20:52 | Build | House |
| 21:08 | Queue | Villager (Male) |
| 21:08 | Queue | Villager (Male) |
| 21:13 | Research | Gold Mining |
| 21:27 | Queue | Villager (Male) |
| 21:28 | Queue | Villager (Male) |
| 21:30 | Queue | Teutonic Knight |
| 21:31 | Queue | Teutonic Knight |
| 21:35 | Build | Siege Workshop |
| 21:43 | Build | Town Center |
| 21:45 | Queue | Villager (Male) |
| 21:45 | Queue | Villager (Male) |
| 21:46 | Build | Farm |
| 21:47 | Build | Farm |
| 21:47 | Build | Farm |
| 21:50 | Queue | Teutonic Knight |
| 21:52 | Build | House |
| 21:53 | Build | House |
| 22:04 | Queue | Villager (Male) |
| 22:05 | Queue | Villager (Male) |
| 22:06 | Queue | Villager (Male) |
| 22:19 | Build | House |
| 22:21 | Build | House |
| 22:25 | Queue | Battering Ram |
| 22:26 | Queue | Villager (Male) |
| 22:26 | Queue | Villager (Male) |
| 22:31 | Build | Farm |
| 22:41 | Queue | Villager (Male) |
| 22:43 | Queue | Villager (Male) |
| 22:43 | Queue | Villager (Male) |
| 22:49 | Build | Farm |
| 22:54 | Build | House |
| 22:57 | Build | House |
| 23:03 | Build | Barracks |
Build order — Thunder_Skull
First 150 of 699 actions detected
| 0:00 | Queue | Villager (Male) |
| 0:01 | Queue | Villager (Male) |
| 0:01 | Queue | Villager (Male) |
| 0:03 | Build | House |
| 0:04 | Build | House |
| 0:28 | Queue | Villager (Male) |
| 0:29 | Queue | Villager (Male) |
| 1:31 | Queue | Villager (Male) |
| 1:31 | Queue | Villager (Male) |
| 1:48 | Build | Lumber Camp |
| 2:04 | Queue | Villager (Male) |
| 2:05 | Queue | Villager (Male) |
| 2:25 | Queue | Villager (Male) |
| 2:26 | Queue | Villager (Male) |
| 2:54 | Queue | Villager (Male) |
| 3:09 | Queue | Villager (Male) |
| 3:32 | Build | House |
| 3:46 | Queue | Villager (Male) |
| 3:46 | Queue | Villager (Male) |
| 4:12 | Build | House |
| 4:13 | Build | House |
| 4:19 | Queue | Villager (Male) |
| 4:20 | Queue | Villager (Male) |
| 4:39 | Queue | Villager (Male) |
| 4:39 | Queue | Villager (Male) |
| 5:10 | Build | Mill |
| 5:25 | Queue | Villager (Male) |
| 5:59 | Queue | Villager (Male) |
| 5:59 | Queue | Villager (Male) |
| 6:27 | Queue | Villager (Male) |
| 6:27 | Queue | Villager (Male) |
| 6:52 | Queue | Villager (Male) |
| 7:47 | Queue | Villager (Male) |
| 7:52 | Build | Mining Camp |
| 8:24 | Research | Feudal Age |
| 8:37 | Build | Farm |
| 8:43 | Build | Farm |
| 9:01 | Build | Farm |
| 9:58 | Build | Farm |
| 10:03 | Build | Farm |
| 10:16 | Build | Farm |
| 10:36 | Research | Loom |
| 10:40 | Age | Feudal Age |
| 10:50 | Build | Farm |
| 11:00 | Build | Farm |
| 11:09 | Queue | Villager (Male) |
| 11:37 | Research | Castle Age |
| 12:19 | Research | Double-Bit Axe |
| 12:22 | Research | Horse Collar |
| 14:17 | Age | Castle Age |
| 14:20 | Research | Wheelbarrow |
| 14:25 | Build | Town Center |
| 14:31 | Build | Town Center |
| 15:00 | Research | Bow Saw |
| 15:07 | Queue | Villager (Male) |
| 15:35 | Queue | Villager (Male) |
| 15:55 | Build | Mining Camp |
| 15:57 | Queue | Villager (Male) |
| 15:58 | Queue | Villager (Male) |
| 15:58 | Queue | Villager (Male) |
| 16:02 | Queue | Villager (Male) |
| 16:02 | Queue | Villager (Male) |
| 16:26 | Queue | Villager (Male) |
| 16:27 | Queue | Villager (Male) |
| 16:28 | Queue | Villager (Male) |
| 16:45 | Queue | Villager (Male) |
| 16:53 | Build | Farm |
| 16:57 | Build | Farm |
| 16:58 | Queue | Villager (Male) |
| 16:58 | Queue | Villager (Male) |
| 16:59 | Queue | Villager (Male) |
| 17:18 | Build | House |
| 17:21 | Build | House |
| 17:23 | Queue | Villager (Male) |
| 17:27 | Queue | Villager (Male) |
| 17:37 | Queue | Villager (Male) |
| 17:49 | Build | House |
| 18:00 | Queue | Villager (Male) |
| 18:04 | Queue | Villager (Male) |
| 18:14 | Build | Town Center |
| 18:17 | Queue | Villager (Male) |
| 18:17 | Queue | Villager (Male) |
| 18:22 | Build | Farm |
| 18:23 | Build | Farm |
| 18:24 | Build | Farm |
| 18:25 | Build | Farm |
| 18:28 | Build | Farm |
| 18:32 | Build | Farm |
| 18:33 | Build | Farm |
| 18:35 | Queue | Villager (Male) |
| 18:38 | Queue | Villager (Male) |
| 18:41 | Build | Farm |
| 18:46 | Build | Farm |
| 18:48 | Build | Farm |
| 18:55 | Build | Farm |
| 19:01 | Queue | Villager (Male) |
| 19:02 | Queue | Villager (Male) |
| 19:05 | Queue | Villager (Male) |
| 19:11 | Build | Farm |
| 19:17 | Queue | Villager (Male) |
| 19:27 | Queue | Villager (Male) |
| 19:33 | Queue | Villager (Male) |
| 19:37 | Queue | Villager (Male) |
| 19:40 | Build | Farm |
| 19:42 | Build | Farm |
| 19:43 | Build | Farm |
| 19:44 | Build | Farm |
| 19:45 | Build | Farm |
| 19:46 | Queue | Villager (Male) |
| 19:47 | Queue | Villager (Male) |
| 19:47 | Queue | Villager (Male) |
| 19:55 | Build | House |
| 19:59 | Queue | Villager (Male) |
| 20:00 | Queue | Villager (Male) |
| 20:03 | Build | Farm |
| 20:08 | Build | Farm |
| 20:09 | Queue | Villager (Male) |
| 20:22 | Build | House |
| 20:26 | Queue | Villager (Male) |
| 20:27 | Build | Farm |
| 20:40 | Queue | Villager (Male) |
| 20:46 | Queue | Villager (Male) |
| 20:48 | Queue | Villager (Male) |
| 20:48 | Queue | Villager (Male) |
| 20:54 | Queue | Villager (Male) |
| 21:00 | Queue | Villager (Male) |
| 21:02 | Queue | Villager (Male) |
| 21:05 | Build | House |
| 21:08 | Build | Farm |
| 21:13 | Build | Farm |
| 21:16 | Build | Farm |
| 21:17 | Build | Farm |
| 21:23 | Build | Town Center |
| 21:24 | Queue | Villager (Male) |
| 21:25 | Queue | Villager (Male) |
| 21:25 | Queue | Villager (Male) |
| 21:26 | Queue | Villager (Male) |
| 21:27 | Queue | Villager (Male) |
| 21:31 | Research | Gold Mining |
| 21:40 | Build | Farm |
| 21:41 | Build | Farm |
| 21:42 | Build | Farm |
| 21:43 | Build | Farm |
| 21:47 | Queue | Villager (Male) |
| 21:49 | Queue | Villager (Male) |
| 21:55 | Build | Farm |
| 21:56 | Build | Farm |
| 22:01 | Build | House |
| 22:05 | Queue | Villager (Male) |
| 22:06 | Queue | Villager (Male) |
Build order — GGINDU
First 150 of 418 actions detected
| 0:01 | Queue | Villager (Male) |
| 0:02 | Queue | Villager (Male) |
| 0:02 | Queue | Villager (Male) |
| 0:02 | Queue | Villager (Male) |
| 0:02 | Queue | Villager (Male) |
| 0:02 | Queue | Villager (Male) |
| 0:04 | Build | House |
| 0:06 | Build | House |
| 1:13 | Queue | Villager (Male) |
| 1:13 | Queue | Villager (Male) |
| 1:14 | Queue | Villager (Male) |
| 1:51 | Build | Lumber Camp |
| 1:57 | Queue | Villager (Male) |
| 1:57 | Queue | Villager (Male) |
| 1:58 | Queue | Villager (Male) |
| 2:17 | Queue | Villager (Male) |
| 2:17 | Queue | Villager (Male) |
| 2:18 | Queue | Villager (Male) |
| 2:53 | Queue | Villager (Male) |
| 2:53 | Queue | Villager (Male) |
| 2:53 | Queue | Villager (Male) |
| 3:20 | Queue | Villager (Male) |
| 3:20 | Queue | Villager (Male) |
| 3:20 | Queue | Villager (Male) |
| 3:25 | Build | House |
| 3:42 | Queue | Villager (Male) |
| 3:42 | Queue | Villager (Male) |
| 3:42 | Queue | Villager (Male) |
| 4:22 | Queue | Villager (Male) |
| 4:22 | Queue | Villager (Male) |
| 4:23 | Queue | Villager (Male) |
| 4:47 | Queue | Villager (Male) |
| 4:48 | Queue | Villager (Male) |
| 4:48 | Queue | Villager (Male) |
| 4:48 | Queue | Villager (Male) |
| 4:48 | Queue | Villager (Male) |
| 4:49 | Queue | Villager (Male) |
| 5:59 | Build | Mill |
| 6:50 | Research | Feudal Age |
| 7:15 | Build | Mining Camp |
| 8:09 | Build | House |
| 8:18 | Queue | Villager (Male) |
| 8:19 | Queue | Villager (Male) |
| 9:00 | Age | Feudal Age |
| 9:06 | Queue | Villager (Male) |
| 9:31 | Research | Double-Bit Axe |
| 9:54 | Build | Farm |
| 10:10 | Build | Farm |
| 10:12 | Queue | Villager (Male) |
| 10:36 | Build | Mining Camp |
| 10:45 | Queue | Villager (Male) |
| 10:49 | Build | House |
| 11:14 | Queue | Villager (Male) |
| 11:18 | Build | Farm |
| 11:32 | Queue | Villager (Male) |
| 11:39 | Build | Farm |
| 11:59 | Queue | Villager (Male) |
| 12:08 | Build | Farm |
| 12:21 | Queue | Villager (Male) |
| 12:31 | Build | Market |
| 12:42 | Queue | Villager (Male) |
| 13:18 | Research | Wheelbarrow |
| 13:49 | Build | Blacksmith |
| 14:25 | Research | Castle Age |
| 14:41 | Research | Loom |
| 14:51 | Build | House |
| 14:52 | Build | House |
| 14:54 | Build | House |
| 16:52 | Research | Horse Collar |
| 17:14 | Age | Castle Age |
| 17:17 | Queue | Villager (Male) |
| 17:23 | Build | Monastery |
| 17:36 | Build | Town Center |
| 17:50 | Queue | Monk |
| 17:51 | Queue | Monk |
| 18:06 | Build | Farm |
| 18:07 | Queue | Villager (Male) |
| 18:07 | Queue | Villager (Male) |
| 18:11 | Research | Bow Saw |
| 18:14 | Research | Heavy Plow |
| 18:16 | Build | Farm |
| 18:39 | Queue | Villager (Male) |
| 19:07 | Build | Farm |
| 19:08 | Build | Farm |
| 19:08 | Build | Farm |
| 19:27 | Queue | Villager (Male) |
| 19:27 | Queue | Villager (Male) |
| 19:27 | Queue | Villager (Male) |
| 19:32 | Build | Farm |
| 19:36 | Build | Farm |
| 19:36 | Build | Farm |
| 19:37 | Build | Farm |
| 19:37 | Build | Farm |
| 19:37 | Build | Farm |
| 19:37 | Build | Farm |
| 19:38 | Build | Farm |
| 19:39 | Queue | Villager (Male) |
| 19:39 | Queue | Villager (Male) |
| 19:39 | Queue | Villager (Male) |
| 19:39 | Queue | Villager (Male) |
| 19:54 | Queue | Villager (Male) |
| 19:54 | Queue | Villager (Male) |
| 19:54 | Queue | Villager (Male) |
| 19:54 | Queue | Villager (Male) |
| 20:02 | Build | Farm |
| 20:02 | Build | Farm |
| 20:03 | Build | Farm |
| 20:05 | Build | Farm |
| 20:08 | Queue | Villager (Male) |
| 20:08 | Queue | Villager (Male) |
| 20:08 | Queue | Villager (Male) |
| 20:22 | Build | Farm |
| 20:24 | Queue | Villager (Male) |
| 20:24 | Queue | Villager (Male) |
| 20:24 | Queue | Villager (Male) |
| 20:25 | Queue | Villager (Male) |
| 20:31 | Queue | Villager (Male) |
| 20:31 | Queue | Villager (Male) |
| 20:31 | Queue | Villager (Male) |
| 20:45 | Build | Farm |
| 20:47 | Queue | Villager (Male) |
| 20:47 | Queue | Villager (Male) |
| 20:47 | Queue | Villager (Male) |
| 20:53 | Queue | Villager (Male) |
| 20:53 | Queue | Villager (Male) |
| 20:53 | Queue | Villager (Male) |
| 20:54 | Queue | Villager (Male) |
| 21:03 | Build | House |
| 21:04 | Build | House |
| 21:05 | Build | House |
| 21:07 | Queue | Villager (Male) |
| 21:07 | Queue | Villager (Male) |
| 21:07 | Queue | Villager (Male) |
| 21:08 | Queue | Villager (Male) |
| 21:19 | Queue | Villager (Male) |
| 21:19 | Queue | Villager (Male) |
| 21:19 | Queue | Villager (Male) |
| 21:19 | Queue | Villager (Male) |
| 21:25 | Build | Farm |
| 21:31 | Queue | Villager (Male) |
| 21:31 | Queue | Villager (Male) |
| 21:31 | Queue | Villager (Male) |
| 21:32 | Queue | Villager (Male) |
| 21:32 | Queue | Villager (Male) |
| 21:45 | Queue | Villager (Male) |
| 21:45 | Queue | Villager (Male) |
| 21:46 | Queue | Villager (Male) |
| 21:46 | Queue | Villager (Male) |
| 21:55 | Build | Farm |
| 21:55 | Build | Farm |
Match timeline
| 9:00 | GGINDU · age_up feudal |
| 10:05 | B · age_up feudal |
| 10:31 | Anto · age_up feudal |
| 10:40 | Thunder_Skull · age_up feudal |
| 11:24 | TUBTHUMPER2022 · age_up feudal |
| 13:37 | B · age_up castle |
| 13:42 | Saturno 1343 · first_building Monastery |
| 14:17 | Thunder_Skull · age_up castle |
| 14:26 | Anto · age_up castle |
| 14:33 | Anto · first_building Monastery |
| 14:54 | TUBTHUMPER2022 · age_up castle |
| 15:07 | B · first_building Castle |
| 17:14 | GGINDU · age_up castle |
| 17:23 | GGINDU · first_building Monastery |
| 17:41 | TUBTHUMPER2022 · first_building Barracks |
| 18:06 | TUBTHUMPER2022 · first_building Castle |
| 18:54 | Anto · first_market_buy 100 stone |
| 20:06 | TUBTHUMPER2022 · first_building Siege Workshop |
| 21:35 | B · first_building Siege Workshop |
| 22:23 | TUBTHUMPER2022 · first_market_sell 100 wood |
| 22:39 | TUBTHUMPER2022 · first_building Archery Range |
| 23:03 | B · first_building Barracks |
| 23:12 | GGINDU · first_building Castle |
| 24:07 | GGINDU · first_building Siege Workshop |
| 25:12 | Anto · first_building Barracks |
| 26:04 | Saturno 1343 · first_building Barracks |
| 26:05 | B · first_market_sell 100 food |
| 26:09 | Anto · first_building Stable |
| 26:09 | B · first_market_buy 100 wood |
| 26:16 | Thunder_Skull · first_building Stable |
| 26:17 | Saturno 1343 · first_building Castle |
| 26:20 | TUBTHUMPER2022 · age_up imperial |
| 26:50 | Saturno 1343 · first_building Archery Range |
| 27:09 | GGINDU · first_market_sell 100 food |
| 27:36 | Thunder_Skull · first_building Castle |
| 27:53 | Anto · first_building Castle |
| 27:54 | Anto · age_up imperial |
| 28:03 | GGINDU · age_up imperial |
| 28:37 | GGINDU · first_market_buy 100 stone |
| 28:42 | Anto · first_building Archery Range |
| 28:42 | Saturno 1343 · first_market_buy 100 stone |
| 28:44 | Saturno 1343 · first_market_sell 100 wood |
| 29:10 | Thunder_Skull · age_up imperial |
| 29:17 | Anto · first_building Siege Workshop |
| 30:20 | Saturno 1343 · first_building Stable |
| 30:27 | Anto · first_market_sell 500 wood |
| 30:35 | GGINDU · wall_segment Stone Wall x1 |
| 31:09 | Thunder_Skull · first_building Barracks |
| 32:44 | B · age_up imperial |
| 33:55 | TUBTHUMPER2022 · first_building Stable |
| 35:00 | Saturno 1343 · first_building Siege Workshop |
| 36:00 | Thunder_Skull · first_building Archery Range |
| 39:37 | Thunder_Skull · first_building Siege Workshop |
| 40:38 | GGINDU · first_building Barracks |
| 41:28 | B · first_building Monastery |
| 41:45 | GGINDU · first_building Archery Range |
| 41:59 | B · tribute_sent a jugador 1 |
| 41:59 | B · tribute_sent a jugador 2 |
| 41:59 | B · tribute_sent a jugador 4 |
| 41:59 | B · tribute_sent a jugador 5 |
| 41:59 | B · tribute_sent a jugador 6 |
| 46:13 | Saturno 1343 · tribute_sent a jugador 1 |
| 46:13 | Saturno 1343 · tribute_sent a jugador 2 |
| 46:13 | Saturno 1343 · tribute_sent a jugador 3 |
| 46:13 | Saturno 1343 · tribute_sent a jugador 5 |
| 46:13 | Saturno 1343 · tribute_sent a jugador 6 |
| 46:25 | B · tribute_sent a jugador 1 |
| 46:25 | B · tribute_sent a jugador 2 |
| 46:25 | B · tribute_sent a jugador 4 |
| 46:25 | B · tribute_sent a jugador 5 |
| 46:25 | B · tribute_sent a jugador 6 |
| 48:52 | Saturno 1343 · wall_segment Stone Wall x4 |
| 50:08 | Saturno 1343 · tribute_sent a jugador 1 |
| 50:08 | Saturno 1343 · tribute_sent a jugador 2 |
| 50:08 | Saturno 1343 · tribute_sent a jugador 3 |
| 50:08 | Saturno 1343 · tribute_sent a jugador 5 |
| 50:08 | Saturno 1343 · tribute_sent a jugador 6 |
| 51:03 | GGINDU · tribute_sent a jugador 1 |
| 51:03 | GGINDU · tribute_sent a jugador 2 |
| 51:03 | GGINDU · tribute_sent a jugador 3 |
| 51:03 | GGINDU · tribute_sent a jugador 4 |
| 51:03 | GGINDU · tribute_sent a jugador 5 |
| 51:28 | B · tribute_sent a jugador 1 |
| 51:28 | B · tribute_sent a jugador 2 |
| 51:28 | B · tribute_sent a jugador 4 |
| 51:28 | B · tribute_sent a jugador 5 |
| 51:28 | B · tribute_sent a jugador 6 |
| 54:38 | Saturno 1343 · wall_segment Stone Wall x1 |
| 56:00 | B · wall_segment Stone Wall x1 |
| 56:02 | B · wall_segment Stone Wall x1 |
| 56:06 | B · wall_segment Stone Wall x1 |
| 56:21 | GGINDU · tribute_sent a jugador 1 |
| 56:21 | GGINDU · tribute_sent a jugador 2 |
| 56:21 | GGINDU · tribute_sent a jugador 3 |
| 56:21 | GGINDU · tribute_sent a jugador 4 |
| 56:21 | GGINDU · tribute_sent a jugador 5 |
| 56:47 | Saturno 1343 · wall_segment Stone Wall x1 |
| 58:01 | B · tribute_sent a jugador 1 |
| 58:01 | B · tribute_sent a jugador 2 |
| 58:01 | B · tribute_sent a jugador 4 |
| 58:01 | B · tribute_sent a jugador 5 |
| 58:01 | B · tribute_sent a jugador 6 |
| 60:37 | GGINDU · tribute_sent a jugador 1 |
| 60:37 | GGINDU · tribute_sent a jugador 2 |
| 60:37 | GGINDU · tribute_sent a jugador 3 |
| 60:37 | GGINDU · tribute_sent a jugador 4 |
| 60:37 | GGINDU · tribute_sent a jugador 5 |
| 63:06 | Saturno 1343 · tribute_sent a jugador 1 |
| 63:06 | Saturno 1343 · tribute_sent a jugador 2 |
| 63:06 | Saturno 1343 · tribute_sent a jugador 3 |
| 63:06 | Saturno 1343 · tribute_sent a jugador 5 |
| 63:06 | Saturno 1343 · tribute_sent a jugador 6 |
| 65:29 | Saturno 1343 · tribute_sent a jugador 1 |
| 65:29 | Saturno 1343 · tribute_sent a jugador 2 |
| 65:29 | Saturno 1343 · tribute_sent a jugador 3 |
| 65:29 | Saturno 1343 · tribute_sent a jugador 5 |
| 65:29 | Saturno 1343 · tribute_sent a jugador 6 |
| 66:55 | GGINDU · first_building Stable |
| 67:06 | Saturno 1343 · tribute_sent a jugador 1 |
| 67:06 | Saturno 1343 · tribute_sent a jugador 2 |
| 67:06 | Saturno 1343 · tribute_sent a jugador 3 |
| 67:06 | Saturno 1343 · tribute_sent a jugador 5 |
| 67:06 | Saturno 1343 · tribute_sent a jugador 6 |
| 67:58 | B · resign |
[ AI ANALYSIS · 1 CREDIT ]
What really happened in this match?
Wolo.gg analyzes every decision: build order, eco, micro, common mistakes by bracket. Personalized analysis on WhatsApp or Discord in 30 seconds.
Civ guide
Mongols
Perfil
Saturno 1343